 Dungeon Crawl Stone Soup version 0.20-a0-903-g7e3609c (webtiles) character file.

560 Derfel the Sneak (level 7, -2/35 HPs)
             Began as a Spriggan Enchanter on Mar 22, 2017.
             Was an Initiate of Dithmenos.
             Slain by Grinder (4 damage)
             ... on level 4 of the Dungeon.
             The game lasted 00:16:50 (4520 turns).

Derfel the Sneak (Spriggan Enchanter)               Turns: 4520, Time: 00:16:51

Health: -2/35      AC:  2    Str:  4    XL:     7   Next: 9%
Magic:  11/15      EV: 18    Int: 18    God:    Dithmenos [......]
Gold:   157        SH:  0    Dex: 17    Spells: 4/15 levels left

rFire    . . .     SeeInvis +   a - +1 dagger
rCold    . . .     Gourm    .   b - +0 robe
rNeg     . . .     Faith    .   (shield restricted)
rPois    .         Spirit   .   (helmet restricted)
rElec    .         Reflect  .   (no cloak)
rCorr    .         Harm     .   (gloves unavailable)
MR       +....                  (boots unavailable)
Stlth    ++++......             d - amulet of magic regeneration
Regen    0.2/turn               (no ring)
MPRegen  0.3/turn               (no ring)

@: very quick
A: unfitting armour, see invisible, herbivore 3, speed 3, slow metabolism 2
a: Renounce Religion


You were on level 4 of the Dungeon.
You worshipped Dithmenos.
Dithmenos was noncommittal.
You were not hungry.

You visited 2 branches of the dungeon, and saw 5 of its levels.

You collected 157 gold pieces.

Inventory:

Hand Weapons
 a - a +1 dagger (weapon)
 o - a +0 blowgun
 p - a +4 whip
 r - a +1 short sword of speed
Missiles
 f - a throwing net
 j - 118 stones (quivered)
 q - 7 curare-tipped needles
Armour
 b - a +0 robe (worn)
Jewellery
 d - an amulet of magic regeneration (around neck)
 w - an uncursed ring of poison resistance {unknown}
Wands
 s - a wand of scattershot (0/9)
Scrolls
 g - 2 scrolls of remove curse {@r2}
 l - a scroll of amnesia
 v - a scroll of teleportation
Potions
 e - a potion of might {unknown}
 h - 2 potions of lignification
 i - 2 potions of degeneration {unknown}
 k - a potion of haste
 m - a potion of flight
 n - 2 potions of agility
 t - a potion of curing {unknown}
Books
 c - a book of Maledictions

   Spells                             Type                      Level
   a - Corona                         Hexes                        1
   b - Ensorcelled Hibernation        Hexes/Ice                    2
   c - Confuse                        Hexes                        3
   d - Tukima's Dance                 Hexes                        3
   e - Dazzling Spray                 Conjuration/Hexes            3
Comestibles
 u - a royal jelly


   Skills:
 + Level 2.3 Fighting
 - Level 1.2 Short Blades
 - Level 3.0 Dodging
 + Level 7.0 Stealth
 + Level 4.7 Spellcasting
 * Level 6.8 Hexes


You had 4 spell levels left.
You knew the following spells:

 Your Spells              Type           Power        Failure   Level  Hunger
a - Tukima's Dance        Hex            ####....     2%          3    ###....
b - Ensorcelled Hibernat  Hex/Ice        ###...       6%          2    #......
c - Confuse               Hex            ####....     2%          3    ###....
d - Dazzling Spray        Conj/Hex       ###...       12%         3    ###....


Dungeon Overview and Level Annotations

Branches:
Dungeon (4/15)             Temple (1/1) D:4

Altars:
Ashenzari
Cheibriados
Dithmenos
Elyvilon
Gozag
Hepliaklqana
Qazlal
Uskayaw
Vehumet
Xom

Annotations:
D:4 Grinder


Innate Abilities, Weirdness & Mutations

You are very small and have problems with some larger weapons.
You are too small for most types of armour.
You have supernaturally acute eyesight. (SInv)
You are a herbivore.
You cover ground extremely quickly.
You need consume almost no food.


Message History

Pain shoots through your body! Grinder hits you!
* * * LOW HITPOINT WARNING * * *
You writhe in agony.
* * * LOW HITPOINT WARNING * * *
You can move again.
Casting: Confuse
Confirm with . or Enter, or press ? or * to list all spells.
Aiming: Confuse
Press: ? - help, Shift-Dir - straight line, f/p - Grinder
Aim: Grinder (chance to defeat MR: 58%) Grinder appears confused.
Okay, then.
You hit Grinder but do no damage. You hit Grinder but do no damage.
You barely miss Grinder. You hit Grinder but do no damage. Grinder hits you.
* * * LOW HITPOINT WARNING * * *
You writhe in agony.
You die...

...##...##.#.#
...........#.#
.......).###.#
....##.......# ##
.......>.##### .#
>8######.##### .###
.## #.#... ...
.#######.#.######.#
............#...@5#
##########..#.#####
#......#.#
####.##.#.#
#.......#.#
#.####..#.# ..
#....##.# ##
###.....# #######


You could see Grinder (confused).

Vanquished Creatures
  Menkaure (D:4)
  Blork the orc (D:4)
  An orc priest (D:4)
  A centaur skeleton (D:4)
  An orc wizard (D:4)
  Jessica (D:3)
  An iguana (D:3)
  A worker ant (D:4)
  2 adders (D:3)
  2 oozes (D:3)
  A worm (D:2)
  A leopard gecko (D:3)
  13 orcs
  5 bats
  7 giant cockroaches
  9 goblins
  4 hobgoblins
  11 jackals
  2 quokkas
  2 ball pythons
  8 frilled lizards
  A jackal skeleton (D:4)
  5 kobolds
  A leopard gecko skeleton (D:4)
  A quokka skeleton (D:4)
  11 rats
94 creatures vanquished.

Vanquished Creatures (collateral kills)
  An ogre (D:4)
1 creature vanquished.

Vanquished Creatures (others)
  A bat (D:2)
1 creature vanquished.

Grand Total: 96 creatures vanquished

Notes
Turn   | Place    | Note
-------+----------+-------------------------------------------
     0 | D:1      | Derfel the Spriggan Enchanter began the quest for the Orb.
     0 | D:1      | Reached XP level 1. HP: 9/9 MP: 5/5
   201 | D:1      | Reached XP level 2. HP: 13/13 MP: 4/6
   209 | D:1      | Learned a level 2 spell: Ensorcelled Hibernation
   894 | D:2      | Reached XP level 3. HP: 13/17 MP: 0/8
  1330 | D:2      | Reached skill level 1 in Fighting
  1353 | D:2      | Reached skill level 5 in Stealth
  1632 | D:3      | Reached XP level 4. HP: 21/22 MP: 1/9
  1887 | D:3      | Noticed Jessica
  2090 | D:3      | Learned a level 3 spell: Confuse
  2094 | D:3      | Learned a level 3 spell: Dazzling Spray
  2370 | D:3      | HP: 1/22 [Jessica/nerve-wracking pain (9)]
  2654 | D:3      | Killed Jessica
  2654 | D:3      | Reached skill level 5 in Hexes
  2759 | D:3      | Reached XP level 5. HP: 22/25 MP: 5/11
  2883 | D:3      | Learned a level 3 spell: Tukima's Dance
  2967 | D:4      | Noticed an ogre
  3317 | D:4      | Reached skill level 6 in Stealth
  3641 | D:4      | Found a staircase to the Ecumenical Temple.
  3645 | D:4      | Noticed Menkaure
  3651 | Temple   | Entered the Ecumenical Temple
  3761 | Temple   | Became a worshipper of Dithmenos the Shadowed
  3778 | D:4      | Killed Menkaure
  3778 | D:4      | Reached XP level 6. HP: 30/30 MP: 13/13
  3818 | D:4      | Noticed Blork the orc
  4028 | D:4      | Killed Blork the orc
  4211 | D:4      | Reached skill level 7 in Stealth
  4211 | D:4      | Reached XP level 7. HP: 31/35 MP: 9/15
  4435 | D:4      | Found a shattered altar of Ashenzari.
  4435 | D:4      | Found a radiant altar of Vehumet.
  4504 | D:4      | Noticed Grinder
  4508 | D:4      | Paralysed by Grinder for 5 turns
  4520 | D:4      | Slain by Grinder

Vault maps used:
D:1:      lemuel_arrival_funnel
D:2:      wad_floor_pattern_untrapped, lemuel_flame_loot_1
D:3:      minmay_misc_feat_roman, minmay_surrounded, uniq_jessica
D:4:      gammafunk_temple_overflow_elements, temple_statues, abandoned_shop,
          uniq_menkaure, uniq_grinder, uniq_blork_the_orc
Temple:   nicolae_temple_figure_eight

Skill      XL: |  1  2  3  4  5  6 |
---------------+-------------------+-----
Hexes          | 4 5 6 |  6.8
Spellcasting   | 3 4 |  4.7
Fighting       | 1 2 |  2.3
Stealth        | 5 6 7 |  7.0
Short Blades   | |  1.2
Dodging        | |  3.0

Action                   |  1- 3 |  4- 6 |  7- 9 || total
-------------------------+-------+-------+-------++-------
Melee: Dagger            |    98 |   176 |     7 ||   281
 Cast: Corona            |     5 |       |       ||     5
       Ensorcelled Hiber |    29 |    43 |     2 ||    74
       Dazzling Spray    |       |     2 |       ||     2
       Confuse           |       |     6 |     2 ||     8
       Tukima's Dance    |       |     1 |       ||     1
Evoke: Wand              |       |     1 |       ||     1
  Use: Scroll            |       |     9 |       ||     9
 Stab: Sleeping          |    29 |    33 |     1 ||    63
       Invisible         |       |     1 |       ||     1
       Confused          |       |     1 |       ||     1
  Eat: Bread ration      |       |     1 |       ||     1
Armor: Robe              |    11 |    23 |       ||    34
Dodge: Dodged            |    73 |   189 |     2 ||   264
